 Dungeon Crawl Stone Soup version 0.30.0-21-gd299b56b3f (webtiles) character file.

Game seed: 12475449573498305372

102 qw the Chopper (level 4, -5/28 HPs)
             Began as a Gargoyle Fighter on June 2, 2023.
             Killed by divine providence
             ... invoked by an orc priest
              (9 damage)
             ... on level 3 of the Dungeon.
             The game lasted 00:00:57 (1927 turns).

qw the Chopper (Gargoyle Fighter)                   Turns: 1927, Time: 00:00:57

Health: -5/28      AC: 22    Str: 20 (22) XL:     4   Next: 78%
Magic:  4/4        EV:  5    Int:  8      God:
Gold:   66         SH:  9    Dex:  8 (9)  Spells: 3/3 levels left

rFire   . . .        Y - +1 war axe
rCold   . . .        c - +0 buckler
rNeg    + . .        g - +7 plate armour {ponderous}
rPois   inf          (no helmet)
rElec   +            (no cloak)
rCorr   .            (no gloves)
SInv    .            (no boots)
Will    .....        b - amulet of reflection Stlth
                     (no ring)
HPRegen 0.24/turn    (no ring)
MPRegen 0.09/turn

%: reflection
@: slow
A: sickness immunity, AC +3, negative energy resistance 1, electricity
resistance, torment resistance 1, petrification resistance
a: no special abilities


You were on level 3 of the Dungeon.
You visited 1 branch of the dungeon, and saw 3 of its levels.

You collected 98 gold pieces.
You spent 32 gold pieces at shops.


Innate Abilities, Weirdness & Mutations

You are immune to sickness and miasma.
Your stone body is resilient. (AC +3)
You are immune to poison.
You resist negative energy. (rN+)
You are resistant to electric shocks. (rElec)
You are resistant to unholy torment.
You are immune to petrification.


   Skills:
 - Level 3.2 Fighting
 + Level 4.4 Axes
 - Level 3.2 Armour
 - Level 3.2 Shields


You had 3 spell levels left.
You didn't know any spells.
Your spell library was empty.

Inventory:

Hand Weapons
 e - a +0 flail
 Y - a +1 war axe (weapon)
Missiles
 k - 9 boomerangs (quivered)
Armour
 c - a +0 buckler (worn)
 g - a +7 plate armour of ponderousness (worn)
Jewellery
 b - an amulet of reflection (around neck)
Scrolls
 j - a scroll of identify
Potions
 d - a potion of might
 f - a potion of haste
 h - a potion of mutation {unknown}

Dungeon Overview and Level Annotations

Branches:
Dungeon (3/15)

Altars:

Shops:
D:2 *


Message History

The orc wizard is heavily wounded.
You hit the orc priest but do no damage.
The orc wizard gestures at you while chanting.
The magic dart hits you but does no damage.
You block the orc priest's attack. x2
The orc wizard hits you but does no damage.
You hit the orc wizard.
The orc wizard is severely wounded.
You hit the orc priest but do no damage.
You block the orc priest's attack.
The orc wizard hits you but does no damage.
You hit the orc wizard.
The orc wizard is almost dead.
You slash the orc priest! You block the orc wizard's attack.
The orc priest hits you but does no damage.
You barely miss the orc wizard.
The orc wizard is almost dead.
You closely miss the orc priest. The orc wizard casts a spell at you.
The puff of flame hits you but does no damage.
You block the orc priest's attack. The orc priest completely misses you.
The orc wizard mumbles some strange words.
The orc wizard flickers and vanishes!
Deactivating autopickup; reactivate with Ctrl-A.
You closely miss the orc priest.
The orc priest is heavily wounded.
You hit something.
Reactivating autopickup.
You feel a bit more experienced.
The orc priest hits you but does no damage.
You feel your strength returning.
You feel your dexterity returning.
You barely miss the orc priest.
The orc priest is heavily wounded.
You hit the orc priest.
The orc priest is almost dead.
You closely miss the orc.
The orc priest calls down the wrath of Beogh upon you.
Beogh smites you!
You die...

#.# #.# #.# #.# #.#
#.# ###.########.#
#.#..........#
...####.##..#####..#
.......>........#..#
..####.##..###.#..#
#@##.........#
.....ooo......#.#.##
...#.##.##.........#
# #...#.###.#..#
#.###.# #.#..# #.#
#.###.#..# ....
#.#...#..#
#..###.#.###..##
#...............


You could see an orc priest and 2 orcs.

Vanquished Creatures
  An orc wizard (D:3)
  3 adders (D:2)
  3 worms
  2 orcs (D:3)
  4 bats
  3 endoplasms (D:1)
  2 giant cockroaches (D:2)
  4 goblins (D:2)
  2 hobgoblins (D:2)
  3 quokkas
  3 ball pythons
  4 frilled lizards
  4 kobolds
  4 rats
42 creatures vanquished.

Notes
Turn   | Place    | Note
-------+----------+-------------------------------------------
     0 | D:1      | qw the Gargoyle Fighter began the quest for the Orb.
     0 | D:1      | Reached XP level 1. HP: 14/14 MP: 1/1
     0 | D:1      | 0 ||| qw: Version: 0.2-a-102-gdf20003
     0 | D:1      | 0 ||| qw: Game counter: 848
     0 | D:1      | 0 ||| qw: Always use a shield: true
     0 | D:1      | 0 ||| qw: God list: Okawaru
     0 | D:1      | 0 ||| qw: Allow faded altars: false
     0 | D:1      | 0 ||| qw: Do Orc after D:15 true
     0 | D:1      | 0 ||| qw: Do second Lair branch before Depths: true
     0 | D:1      | 0 ||| qw: Lair rune preference: random
     0 | D:1      | 0 ||| qw: Plans: Normal, Zot:1-4, Slime:5, God:TSO, Crypt,
                  | Tomb, Pan, Hells, Abyss, Win
     0 | D:1      | 0 ||| PLANNING D:1-11
    12 | D:1      | 12 ||| Stepping ~*~*~tactically~*~*~ (stealth).
    65 | D:1      | Reached skill level 2 in Axes
   330 | D:1      | Found a faded altar of an unknown god.
   359 | D:1      | Reached XP level 2. HP: 19/19 MP: 2/2
   738 | D:1      | 738 ||| UPGRADING to +7 plate armour of ponderousness.
   748 | D:1      | 748 ||| DROPPING +0 scale mail.
   749 | D:1      | 749 ||| READING scroll labelled ACAAMORCHUO.
   750 | D:1      | 750 ||| READING 2 scrolls labelled GIMO WOFUDO.
   751 | D:1      | 751 ||| DRINKING 3 orange potions.
   752 | D:1      | 752 ||| DROPPING 2 potions of degeneration.
   919 | D:2      | Reached skill level 3 in Axes
   974 | D:2      | 974 ||| Stepping ~*~*~tactically~*~*~ (hiding).
   975 | D:2      | 975 ||| Stepping ~*~*~tactically~*~*~ (hiding).
   977 | D:2      | 977 ||| Stepping ~*~*~tactically~*~*~ (hiding).
   982 | D:2      | Reached XP level 3. HP: 23/23 MP: 3/3
  1150 | D:2      | Found Lotirr's Assorted Antiques.
  1158 | D:2      | 1158 ||| BUYING fizzy clear potion (15 gold).
  1158 | D:2      | Bought a fizzy clear potion for 15 gold pieces
  1158 | D:2      | 1158 ||| SHOPLISTING glowing hand axe (102 gold, have 24).
  1158 | D:2      | 1158 ||| SHOPLISTING knobbly cabochon ring (85 gold, have
                  | 24).
  1158 | D:2      | 1158 ||| BUYING scroll labelled GIONOST METU (17 gold).
  1158 | D:2      | Bought a scroll labelled GIONOST METU for 17 gold pieces
  1158 | D:2      | 1158 ||| SHOPLISTING scroll labelled TYETOGGUSE (17 gold,
                  | have 7).
  1158 | D:2      | 1158 ||| SHOPLISTING smoky sapphire potion (15 gold, have
                  | 7).
  1402 | D:2      | 1402 ||| Stepping ~*~*~tactically~*~*~ (stealth).
  1443 | D:2      | Reached XP level 4. HP: 27/28 MP: 4/4
  1676 | D:2      | 1676 ||| DROPPING scarf of invisibility.
  1677 | D:2      | 1677 ||| UPGRADING to amulet of reflection.
  1682 | D:2      | 1682 ||| READING scroll labelled GIONOST METU.
  1683 | D:2      | 1683 ||| READING 2 scrolls of identify.
  1683 | D:2      | 1683 ||| IDENTIFYING fizzy clear potion
  1743 | D:3      | Reached skill level 4 in Axes
  1904 | D:3      | 1904 ||| Stepping ~*~*~tactically~*~*~ (hiding).
  1919 | D:3      | HP: 5/28 [orc priest/nerve-wracking pain (7)]
  1920 | D:3      | HP: 2/28 [orc wizard/+0 dagger (1)]
  1927 | D:3      | Killed from afar by an orc priest

Levels and vault maps discovered:
D:1:      sevenhm_arrival_forest_fort_small_3, layout_loops_ring,
          shapermc_ecumenical_altar_notcrosses, chequers_garden,
          grunt_decor_junction, nrook_mini_backslash
D:2:      layout_loops_ring, serial_shops, nicolae_diamond_shop
D:3:      layout_basic, hex_large

Skill      XL: |  1  2  3  4 |
---------------+-------------+-----
Axes           | 2 3 4 |  4.4
Fighting       | |  3.2
Armour         | |  3.2
Shields        | |  3.2

Action                     |  1- 3 |  4- 6 || total
---------------------------+-------+-------++-------
  Melee: War axe           |   107 |    43 ||   150
  Throw: Boomerang         |     3 |    21 ||    24
    Use: Scroll            |     2 |     2 ||     4
         Potion            |     1 |       ||     1
 Armour: Scale mail        |    16 |       ||    16
         Plate armour      |    65 |    25 ||    90
  Dodge: Dodged            |    37 |     3 ||    40
  Block: Buckler           |    27 |    20 ||    47

Table legend:
 A = Non-vault XP
 B = Vault XP
 C = Vault XP percentage of total XP
 D = Non-vault monster count
 E = Vault monster count
 F = Vault count percentage of total count
                 A         B        C        D         E       F
            +---------+---------+-------+---------+---------+-------
      Total |     147 |       0 |   0.0 |      42 |       0 |   0.0
            +---------+---------+-------+---------+---------+-------
        D:1 |      19 |       0 |   0.0 |      14 |       0 |   0.0
        D:2 |      77 |       0 |   0.0 |      20 |       0 |   0.0
        D:3 |      51 |       0 |   0.0 |       8 |       0 |   0.0
            +---------+---------+-------+---------+---------+-------
